 Dungeon Crawl Stone Soup version 0.28.0-47-ge53b351184 (webtiles) character file.

Game seed: 15755327992929587693

501 GigaChad the Slasher (level 6, -4/56 HPs)
             Began as a Minotaur Chaos Knight on May 5, 2022.
             Was a Plaything of Xom.
             Slain by an iguana (9 damage)
             ... on level 4 of the Dungeon.
             The game lasted 00:06:23 (3480 turns).

GigaChad the Slasher (Minotaur Chaos Knight)        Turns: 3480, Time: 00:06:24

Health: -4/56      AC: 10    Str: 16    XL:     6   Next: 95%
Magic:  5/5        EV:  7    Int:  9    God:    Xom [.*....]
Gold:   123        SH:  0    Dex: 12    Spells: 5/5 levels left

rFire   . . .      SeeInvis .   a - +0 falchion (chaos)
rCold   . . .      Faith    .   (no shield)
rNeg    . . .      Spirit   .   p - +0 chain mail
rPois   .          Reflect  .   (helmet restricted)
rElec   .          Harm     .   i - +0 cloak {Will+}
rCorr   .          Rampage  .   (no gloves)
Will    +....                   (no boots)
Stlth   ..........              (no amulet)
HPRegen 0.18/turn               (no ring)
MPRegen 0.09/turn               (no ring)

@: no status effects
A: horns 2, retaliatory headbutt
a: Renounce Religion


You were on level 4 of the Dungeon.
You worshipped Xom.
You were a plaything of Xom.
You visited 1 branch of the dungeon, and saw 4 of its levels.

You collected 123 gold pieces.

Inventory:

Hand Weapons
 a - a +0 falchion of chaos (weapon)
 k - a +4 dagger
 m - a +0 scythe
 n - the +8 whip of Calamity {freeze, rF- rC+ Int+5}
   (You found it on level 3 of the Dungeon)

   It freezes those it strikes, dealing additional cold damage.
   It can also slow down cold-blooded creatures.
   Int:       It affects your intelligence (+5).
   rF:        It makes you vulnerable to fire.
   rC:        It protects you from cold.
Armour
 b - a +2 leather armour
 h - a +0 scale mail
 i - a +0 cloak of willpower (worn)
 p - a +0 chain mail (worn)
Scrolls
 c - a scroll of vulnerability {unknown}
 d - a scroll of magic mapping
 e - a scroll of fog {unknown}
 f - a scroll of identify {unknown}
 l - a scroll of enchant weapon {unknown}
 o - a scroll of teleportation {unknown}
 q - a scroll of acquirement {unknown}
Potions
 g - a potion of lignification {unknown}
 j - 2 potions of curing {unknown}


   Skills:
 + Level 5.6 Fighting
 + Level 6.3 Long Blades
 + Level 1.1 Polearms
 + Level 4.8 Armour
 + Level 2.5 Dodging
 + Level 1.0 Stealth


You had 5 spell levels left.
You didn't know any spells.
Your spell library contained the following spells:

 Spells                   Type           Power      Damage    Failure   Level
 Animate Skeleton         Necr           0%         N/A       99%         1
 Apportation              Tloc           0%         N/A       99%         1
 Summon Small Mammal      Summ           0%         N/A       99%         1
 Blink                    Tloc           0%         N/A       100%        2
 Manifold Assault         Tloc           0%         N/A       100%        5
 Storm Form               Tmut/Air       0%         N/A       100%        7


Dungeon Overview and Level Annotations

Branches:
Dungeon (4/15)
 Temple: D:4-7

Altars:
Cheibriados


Innate Abilities, Weirdness & Mutations

You have a pair of horns on your head.
You reflexively headbutt those who attack you in melee.


Message History

You hit something but do no damage. You headbutt something.
The orc hits you but does no damage. x2; The orc barely misses you.
The iguana completely misses you.
You hit the ball python. You freeze the ball python.
You kill the ball python!
The orc completely misses you.
Something hits the orc.
The orc hits you but does no damage. x2; The iguana bites you.
The orc hits you but does no damage. x2
You hit something. You freeze something.
Reactivating autopickup.
You feel a bit more experienced. The orc closely misses you.
The orc hits you but does no damage.
The orc grunts loudly.
The orc hits you but does no damage.
The dart slug bites you but does no damage.
You barely miss the orc. You headbutt the orc.
You kill the orc!
The orc completely misses you. You furiously retaliate!
You headbutt the orc!
You kill the orc!
The orc hits you with a +0 mace. The orc hits you but does no damage.
Things that are here:
a +0 club; an orc corpse You closely miss the orc.
Your headbutt misses the orc.
The orc is severely wounded.
The orc hits you but does no damage.
You hit the orc but do no damage. You drain the orc.
You kill the orc!
The dart slug closely misses you.
You hit the iguana but do no damage. The iguana bites you!
You hit the iguana.
The iguana seems to grow stronger.
The iguana is lightly wounded.
The iguana bites you!
* * * LOW HITPOINT WARNING * * *
The dart slug bites you but does no damage.
You barely miss the iguana.
The iguana is lightly wounded.
The iguana bites you!
You die...
Xom thinks this is hilarious!

#..........# #.##..
#..........# #.....
#..........# #..#..
####..........#....###
#..............#....
#.###..........# #
##...:..## #.#
#####)#...# #..
#.@l).)...# ###
#.#w.)....#
#.#.......#
#.#.......#
#.#.......# .
#.#.......# ..
...#.......# ..
######...###


You could see an iguana (strong) and a dart slug.

Vanquished Creatures
  Sigmund (D:3)
  A black bear (D:4)
  A necrophage (D:4)
  A scorpion (D:4)
  An orc wizard (D:4)
  2 adders
  A worm (D:3)
  A dart slug (D:3)
  5 orcs (D:4)
  6 bats
  11 endoplasms
  2 giant cockroaches
  2 goblins (D:4)
  5 hobgoblins
  2 quokkas (D:3)
  5 ball pythons
  3 frilled lizards
  4 kobolds
54 creatures vanquished.

Notes
Turn   | Place    | Note
-------+----------+-------------------------------------------
     0 | D:1      | GigaChad the Minotaur Chaos Knight began the quest for the
                  | Orb.
     0 | D:1      | Reached XP level 1. HP: 19/19 MP: 0/0
   107 | D:1      | Reached skill level 4 in Long Blades
   133 | D:1      | Reached XP level 2. HP: 21/27 MP: 1/1
   724 | D:1      | XOM: silly message
   792 | D:1      | Found a faded altar of an unknown god.
   848 | D:1      | XOM: 2-stop teleportation journey
  1043 | D:1      | XOM: 3-stop teleportation journey
  1172 | D:2      | XOM: silly message
  1174 | D:2      | Reached XP level 3. HP: 32/33 MP: 2/2
  1258 | D:2      | Found a snail-covered altar of Cheibriados.
  1421 | D:3      | Noticed Sigmund
  1437 | D:3      | Killed Sigmund
  1438 | D:3      | Reached skill level 5 in Fighting
  1438 | D:3      | Reached skill level 5 in Long Blades
  1438 | D:3      | Reached XP level 4. HP: 5/42 MP: 3/3
  1438 | D:3      | Reached XP level 5. HP: 6/48 MP: 4/4
  2161 | D:3      | XOM: 2-stop teleportation journey
  2174 | D:3      | XOM: 1-stop teleportation journey
  2226 | D:3      | Identified the +8 whip of Calamity {freeze, rF- rC+ Int+5}
  2739 | D:4      | Reached XP level 6. HP: 41/56 MP: 5/5
  3095 | D:4      | XOM: noise
  3248 | D:4      | Reached skill level 6 in Long Blades
  3248 | D:4      | Reached skill level 1 in Stealth
  3282 | D:4      | XOM: confusion (+ monsters)
  3287 | D:4      | XOM: confusion (+ monsters)
  3288 | D:4      | XOM: confuse monster(s)
  3290 | D:4      | XOM: polymorph hobgoblin -> giant cockroach
  3299 | D:4      | Reached skill level 1 in Polearms
  3455 | D:4      | XOM: silly message
  3480 | D:4      | Slain by an iguana

Illustrated notes

Levels and vault maps discovered:
D:1:      minmay_arrival_doors, layout_rooms,
          shapermc_ecumenical_altar_notcrosses
D:2:      layout_loops_ring, basic_altar
D:3:      layout_loops_corners, uniq_sigmund
D:4:      layout_rooms, serial_co_window_serial, co_window_paths_a,
          co_window_paths_a, co_window_paths_a, co_window_paths_a,
          co_window_paths_a, co_window_corner_a, co_window_corner_ca,
          co_window_broadway_b, co_window_of_opportunity_b,
          co_window_broadway_a, co_window_2corner, glass_columns_b

Skill      XL: |  1  2  3  4  5  6 |
---------------+-------------------+-----
Long Blades    | 4 5 6 |  6.3
Fighting       | 4 5 |  5.6
Armour         | 3 4 |  4.8
Dodging        | 2 |  2.5
Stealth        | 1 |  1.0
Polearms       | 1 |  1.1

Action                   |  1- 3 |  4- 6 || total
-------------------------+-------+-------++-------
Melee: Falchion          |    61 |    50 ||   111
       Headbutt          |    10 |    14 ||    24
       Scythe            |       |     7 ||     7
       Whip              |       |     4 ||     4
  Use: Scroll            |     1 |       ||     1
Armor: Leather armour    |    22 |       ||    22
       Scale mail        |     4 |    32 ||    36
       Chain mail        |       |    33 ||    33
Dodge: Dodged            |    37 |    38 ||    75
